 Dungeon Crawl Stone Soup version 0.19.0-11-g3fc08b3 (webtiles) character file.

24 GordonOverkill the Ducker (level 2, 0/24 HPs)
             Began as a Minotaur Wizard on Nov 8, 2016.
             Slain by an adder (1 damage)
             ... on level 2 of the Dungeon.
             The game lasted 00:02:23 (994 turns).

GordonOverkill the Ducker (Minotaur Wizard)          Turns: 994, Time: 00:02:24

Health: 0/24       AC:  8    Str: 11    XL:     2   Next: 79%
Magic:  4/4        EV:  5    Int: 15    God:
Gold:   17         SH:  0    Dex:  8    Spells: 1 memorised, 4 levels left

rFire  . . .     SeeInvis .     e - +0 spear
rCold  . . .     Gourm    .     i - +0 chain mail
rNeg   . . .     Faith    .     (no shield)
rPois  .         Spirit   .     b - +0 hat
rElec  .         Reflect  .     (no cloak)
rCorr  .         Harm     .     (no gloves)
MR     .....                    (no boots)
Stlth  ..........               j - amulet of regeneration
                                (no ring)
                                f - ring of stealth

@: lethally poisoned (0 -> -2)
A: retaliatory headbutt, horns 2
a: no special abilities


You were on level 2 of the Dungeon.
You were not hungry.

You visited 1 branch of the dungeon, and saw 2 of its levels.

You collected 17 gold pieces.

Inventory:

Hand Weapons
 e - a +0 spear (weapon)
Armour
 b - a +0 hat (worn)
 i - a +0 chain mail (worn)
Jewellery
 f - a ring of stealth (left hand)
 j - an amulet of regeneration (around neck)
Scrolls
 a - 2 scrolls of identify {unknown}
 h - a scroll of random uselessness {unknown}
Books
 c - a book of Minor Magic

   Spells                             Type                      Level
   a - Magic Dart                     Conjuration                  1
   b - Blink                          Translocation                2
   c - Call Imp                       Summoning                    2
   d - Repel Missiles                 Charms/Air                   2
   e - Slow                           Hexes                        2
   f - Conjure Flame                  Conjuration/Fire             3
   g - Mephitic Cloud                 Conjuration/Poison/Air       3
Comestibles
 d - a bread ration
 g - 4 chunks of flesh


   Skills:
 - Level 2.0 Fighting
 + Level 2.1 Polearms
 - Level 2.1 Dodging
 - Level 1.5 Stealth
 - Level 2.1 Spellcasting
 - Level 0.6 Conjurations
   Level 0.6 Summonings
   Level 0.6 Translocations


You had 4 spell levels left.
You knew the following spells:

 Your Spells              Type           Power        Failure   Level  Hunger
a - Magic Dart            Conj           #...         100%        1    #......


Dungeon Overview and Level Annotations

Branches:
Dungeon (2/15)

Altars:
Kikubaaqudgha
Nemelex Xobeh
Qazlal
Xom


Innate Abilities, Weirdness & Mutations

You reflexively headbutt those who attack you in melee.
You have a pair of horns on your head.


Message History

The adder barely misses you.
You miss the adder.
You feel sick. The adder bites you.
You are more poisoned.
The adder poisons you! The adder bites you.
You miss the adder.
You feel sick. The adder bites you.
* * * LOW HITPOINT WARNING * * *
You are too injured to fight recklessly!
Unknown command.
You aren't carrying any potions.
You aren't carrying any potions.
You barely miss the adder.
* * * LOW HITPOINT WARNING * * *
You feel sick. The adder bites you but does no damage.
You closely miss the adder.
* * * LOW HITPOINT WARNING * * *
You feel sick. The adder bites you but does no damage.
You miss the adder.
* * * LOW HITPOINT WARNING * * *
You feel sick. The adder bites you.
You die...

#.........# #####
###.._..._.##
#...# ...........#
#...# ####.....###
#...#
#......######...#
##...r.##.......#
#..hhh.+.......#
####S###....#'##
#@# #....#.######
#.###....#......##
#.................
##########......##
.........##
#.....####..
#.....####..
#........'..
#.....####..


You could see an adder, 3 jackals and a rat.

Vanquished Creatures
  A dart slug (D:2)
  2 leopard geckos
  A bat (D:2)
  3 giant cockroaches
  2 goblins (D:1)
  A hobgoblin (D:1)
  A jackal (D:2)
  3 kobolds (D:1)
  A frilled lizard (D:2)
  3 rats
18 creatures vanquished.

Notes
Turn   | Place    | Note
-------+----------+-------------------------------------------
     0 | D:1      | GordonOverkill the Minotaur Wizard began the quest for the Orb.
     0 | D:1      | Reached XP level 1. HP: 14/14 MP: 2/2
   178 | D:1      | Reached skill level 1 in Fighting
   264 | D:1      | Reached skill level 1 in Polearms
   351 | D:1      | Reached XP level 2. HP: 17/23 MP: 4/4
   934 | D:2      | Found a sparkling altar of Nemelex Xobeh.
   934 | D:2      | Found a stormy altar of Qazlal.
   938 | D:2      | Found an ancient bone altar of Kikubaaqudgha.
   938 | D:2      | Found a shimmering altar of Xom.
   994 | D:2      | HP: 1/24 [poisoned by an adder]
   994 | D:2      | Slain by an adder

Skill      XL: |  1  2 |
---------------+-------+-----
Fighting       | 1 2 |  2.0
Polearms       | 1 2 |  2.1
Dodging        | |  2.1
Stealth        | |  1.5
Spellcasting   | |  2.1
Conjurations   | |  0.6
Summonings     | |  0.6
Translocations | |  0.6

Action                   || total
-------------------------++-------
Melee: Spear             ||    94
       Headbutt          ||     4
Armor: Chain mail        ||    71
Dodge: Dodged            ||    25
